 Dungeon Crawl Stone Soup version 0.30.0-29-ga12c61a403 (webtiles) character file.

Game seed: 6924297161365665980

122 qw the Chopper (level 5, 0/32 HPs)
             Began as a Gargoyle Fighter on June 3, 2023.
             Slain by Grinder (5 damage)
             ... while paralysed by Grinder
             ... on level 3 of the Dungeon.
             The game lasted 00:00:55 (1612 turns).

qw the Chopper (Gargoyle Fighter)                   Turns: 1612, Time: 00:00:56

Health: 0/32       AC: 16    Str: 27    XL:     5   Next: 6%
Magic:  5/5        EV:  2    Int:  9    God:
Gold:   98         SH:  0    Dex:  9    Spells: 4/4 levels left

rFire   . . .        Y - +0 war axe
rCold   . . .        c - +0 buckler
rNeg    + . .        b - +0 scale mail
rPois   inf          h - +2 helmet
rElec   +            (no cloak)
rCorr   .            (no gloves)
SInv    .            i - +1 pair of boots
Will    .....        (no amulet) Stlth
                     n - +6 ring of strength
HPRegen 0.25/turn    (no ring)
MPRegen 0.09/turn

%: no passive effects
@: paralysed
A: sickness immunity, AC +4, negative energy resistance 1, electricity
resistance, torment resistance 1, petrification resistance
a: no special abilities


You were on level 3 of the Dungeon.
You visited 1 branch of the dungeon, and saw 3 of its levels.

You collected 98 gold pieces.


Innate Abilities, Weirdness & Mutations

You are immune to sickness and miasma.
Your stone body is resilient. (AC +4)
You are immune to poison.
You resist negative energy. (rN+)
You are resistant to electric shocks. (rElec)
You are resistant to unholy torment.
You are immune to petrification.


   Skills:
 - Level 3.2 Fighting
 + Level 4.6 Axes
 - Level 3.2 Armour
 - Level 3.2 Shields


You had 4 spell levels left.
You didn't know any spells.
Your spell library was empty.

Inventory:

Hand Weapons
 j - a +0 whip
 Y - a +0 war axe (weapon)
Armour
 b - a +0 scale mail (worn)
 c - a +0 buckler (worn)
 h - a +2 helmet (worn)
 i - a +1 pair of boots (worn)
Jewellery
 n - a +6 ring of strength (left hand)
Potions
 d - a potion of might
 e - a potion of attraction {unknown}
 f - a potion of ambrosia {unknown}
 g - a potion of heal wounds {unknown}
 k - a potion of flight {unknown}
 p - a potion of cancellation

Dungeon Overview and Level Annotations

Branches:
Dungeon (3/15)

Altars:
Elyvilon

Annotations:
D:2 1 runed translucent door, Crazy Yiuf
D:3 Grinder


Message History

Grinder is moderately wounded.
You feel yourself speed up. Grinder gestures at you.
Pain shoots through your body! Grinder hits you.
You writhe in agony.
You closely miss Grinder.
Grinder is moderately wounded.
Grinder completely misses you.
You closely miss Grinder.
Grinder is moderately wounded.
Grinder barely misses you.
You hit Grinder.
Grinder is moderately wounded.
Grinder blinks!
Found a stone staircase leading up.
Grinder closely misses you.
You hit Grinder.
Grinder is heavily wounded.
You closely miss the bat.
The bat barely misses you. x2; You block Grinder's attack.
You slash Grinder!
Grinder is severely wounded.
You barely miss the bat. The bat barely misses you. Grinder gestures at you.
You resist with significant effort. The bat completely misses you.
You hit Grinder.
Grinder is severely wounded.
You hit the bat but do no damage. The bat hits you but does no damage.
Grinder gestures at you.
You suddenly lose the ability to move!
Grinder hits you but does no damage. The bat hits you but does no damage.
The bat hits you but does no damage. Grinder hits you.
You writhe in agony.
The bat hits you but does no damage. Grinder gestures at you.
Pain shoots through your body! The bat hits you but does no damage. x2
Grinder says, "You look like you could use a good racking."
Grinder hits you.
You die...

...#. .. .... .# ...
..)# .# ##.#####...
..## .......... .?...
.... #...... #..... ...
#....)##......
#..#####.#.#.........
...........b@.......
#......####.#5#..... #
#..# ###.........
#.###.#### #.....#.....
#..<.....###.....#.....
#####.##.........# ##.<
#.######.....# . #.#
####..... #.# ###..


You could see Grinder and a bat.

Vanquished Creatures
  Jessica (D:3)
  Robin (D:2)
  3 adders (D:2)
  2 worms (D:2)
  A dart slug (D:1)
  2 endoplasms (D:2)
  A giant cockroach (D:1)
  15 goblins
  5 hobgoblins
  A quokka (D:1)
  6 ball pythons
  2 bats
  A frilled lizard (D:1)
  3 kobolds
  6 rats
50 creatures vanquished.

Notes
Turn   | Place    | Note
-------+----------+-------------------------------------------
     0 | D:1      | qw the Gargoyle Fighter began the quest for the Orb.
     0 | D:1      | Reached XP level 1. HP: 14/14 MP: 1/1
     0 | D:1      | 0 ||| qw: Version: 0.2-a-103-g5a998e5
     0 | D:1      | 0 ||| qw: Game counter: 1000
     0 | D:1      | 0 ||| qw: Always use a shield: true
     0 | D:1      | 0 ||| qw: God list: Okawaru
     0 | D:1      | 0 ||| qw: Allow faded altars: false
     0 | D:1      | 0 ||| qw: Do Orc after D:15 true
     0 | D:1      | 0 ||| qw: Do second Lair branch before Depths: true
     0 | D:1      | 0 ||| qw: Lair rune preference: random
     0 | D:1      | 0 ||| qw: Plans: Normal, Zot:1-4, Slime:5, God:TSO, Crypt,
                  | Tomb, Pan, Hells, Abyss, Win
     0 | D:1      | 0 ||| PLANNING D:1-11
    94 | D:1      | Reached skill level 2 in Axes
   170 | D:1      | Reached XP level 2. HP: 16/19 MP: 2/2
   249 | D:1      | 249 ||| Stepping ~*~*~tactically~*~*~ (hiding).
   318 | D:1      | 318 ||| DROPPING +0 club.
   512 | D:1      | Reached skill level 3 in Axes
   797 | D:1      | 797 ||| UPGRADING to +0 pair of boots.
   802 | D:1      | 802 ||| READING scroll labelled ARA BUUGIQOSY.
   803 | D:1      | 803 ||| READING scroll labelled XEJEMES GAOVI.
   844 | D:2      | Found a white marble altar of Elyvilon.
   876 | D:2      | Reached XP level 3. HP: 23/23 MP: 3/3
   891 | D:2      | Found a runed translucent door.
   892 | D:2      | Noticed Crazy Yiuf
   935 | D:2      | Noticed Robin
   956 | D:2      | Killed Robin
   963 | D:2      | Reached XP level 4. HP: 22/28 MP: 4/4
  1048 | D:2      | Reached skill level 4 in Axes
  1069 | D:2      | 1069 ||| FLEEEEING.
  1070 | D:2      | 1070 ||| FLEEEEING.
  1071 | D:2      | 1071 ||| FLEEEEING.
  1072 | D:2      | 1072 ||| FLEEEEING.
  1073 | D:2      | 1073 ||| FLEEEEING.
  1074 | D:2      | 1074 ||| FLEEEEING.
  1075 | D:2      | 1075 ||| FLEEEEING.
  1077 | D:2      | 1077 ||| FLEEEEING.
  1078 | D:2      | 1078 ||| FLEEEEING.
  1139 | D:2      | 1139 ||| Stepping ~*~*~tactically~*~*~ (hiding).
  1146 | D:2      | 1146 ||| Stepping ~*~*~tactically~*~*~ (stealth).
  1424 | D:2      | 1424 ||| UPGRADING to +2 helmet.
  1429 | D:2      | 1429 ||| DROPPING ring of flight.
  1430 | D:2      | 1430 ||| UPGRADING to +6 ring of strength.
  1431 | D:2      | 1431 ||| READING 2 scrolls labelled MAUK BENNUEMOG.
  1432 | D:2      | 1432 ||| READING scroll of enchant armour.
  1432 | D:2      | 1432 ||| ENCHANTING +0 pair of boots.
  1433 | D:2      | 1433 ||| READING scroll labelled MADGHIT KIUHUAV.
  1434 | D:2      | 1434 ||| READING scroll labelled DEKOCL SIPLI.
  1435 | D:2      | 1435 ||| DRINKING 2 smoky grey potions.
  1540 | D:2      | 1540 ||| DRINKING 2 fizzy yellow potions.
  1541 | D:2      | 1541 ||| DROPPING potion of berserk rage.
  1583 | D:3      | Noticed Jessica
  1584 | D:3      | 1584 ||| Stepping ~*~*~tactically~*~*~ (hiding).
  1587 | D:3      | Noticed Grinder
  1595 | D:3      | Killed Jessica
  1595 | D:3      | Paralysed by Grinder for 2 turns
  1596 | D:3      | Reached XP level 5. HP: 23/32 MP: 5/5
  1609 | D:3      | Paralysed by Grinder for 4 turns
  1610 | D:3      | HP: 8/32 [Grinder (2)]
  1612 | D:3      | Slain by Grinder

Levels and vault maps discovered:
D:1:      lightli_arrival_flooded_house, layout_loops_ring,
          minmay_misc_feat_hallway
D:2:      layout_basic, basic_altar, uniq_robin, uniq_crazy_yiuf_cottage
D:3:      layout_rooms, chequers_temple_overflow_minitemple, uniq_ijyb,
          uniq_jessica, uniq_grinder, uniq_natasha

Skill      XL: |  1  2  3  4 |
---------------+-------------+-----
Axes           | 2 3 4 |  4.6
Fighting       | |  3.2
Armour         | |  3.2
Shields        | |  3.2

Action                     |  1- 3 |  4- 6 || total
---------------------------+-------+-------++-------
  Melee: War axe           |    85 |    59 ||   144
    Use: Scroll            |     2 |     4 ||     6
         Potion            |       |     2 ||     2
 Armour: Scale mail        |    51 |    33 ||    84
  Dodge: Dodged            |    30 |    27 ||    57
  Block: Buckler           |    11 |     7 ||    18

Table legend:
 A = Non-vault XP
 B = Vault XP
 C = Vault XP percentage of total XP
 D = Non-vault monster count
 E = Vault monster count
 F = Vault count percentage of total count
                 A         B        C        D         E       F
            +---------+---------+-------+---------+---------+-------
      Total |     102 |      73 |  41.7 |      37 |      13 |  26.0
            +---------+---------+-------+---------+---------+-------
        D:1 |      31 |       0 |   0.0 |      18 |       0 |   0.0
        D:2 |      71 |      36 |  33.6 |      19 |      12 |  38.7
        D:3 |       0 |      37 | 100.0 |       0 |       1 | 100.0
            +---------+---------+-------+---------+---------+-------
